 Dungeon Crawl Stone Soup version 0.31-a0-193-gdfe2569204 (webtiles) character file.

Game seed: 10621757045707475062

175 qw the Skirmisher (level 5, -7/29 HPs)
             Began as a Deep Elf Hunter on June 23, 2023.
             Mangled by an iguana (10 damage)
             ... on level 4 of the Dungeon.
             The game lasted 00:02:54 (4228 turns).

qw the Skirmisher (Deep Elf Hunter)                 Turns: 4228, Time: 00:02:54

Health: -7/29      AC:  5    Str: 16    XL:     5   Next: 29%
Magic:  7/7        EV: 11    Int: 14    God:
Gold:   187        SH:  5    Dex: 18    Spells: 4/4 levels left

rFire   . . .        Y - +1 shortbow
rCold   + . .        (shield currently unavailable)
rNeg    . . .        h - +0 ring mail
rPois   .            (no helmet)
rElec   .            (no cloak)
rCorr   .            (no gloves)
SInv    .            (no boots)
Will    .....        j - amulet of reflection
Stlth   +            e - +6 ring of strength
HPRegen 0.24/turn    d - ring of protection from cold
MPRegen 0.10/turn

%: reflection
@: about to teleport
A: no striking features
a: no special abilities


You were on level 4 of the Dungeon.
You visited 1 branch of the dungeon, and saw 4 of its levels.

You collected 187 gold pieces.


   Skills:
 - Level 1.5 Fighting
 + Level 8.8 Ranged Weapons
 - Level 2.4 Dodging
 - Level 1.2 Stealth


You had 4 spell levels left.
You didn't know any spells.
Your spell library was empty.

Inventory:

Hand Weapons
 Y - a +1 shortbow (weapon)
Armour
 h - a +0 ring mail (worn)
Jewellery
 d - a ring of protection from cold (right hand)
 e - a +6 ring of strength (left hand)
 j - an amulet of reflection (around neck)
Wands
 c - a wand of digging (5)
Scrolls
 b - a scroll of teleportation
Potions
 a - a potion of lignification {unknown}
 g - a potion of curing
 k - a potion of degeneration {unknown}
 l - a potion of heal wounds {unknown}
 n - a potion of enlightenment

Dungeon Overview and Level Annotations

Branches:
Dungeon (4/15)
 Temple: D:4-7

Altars:
Xom

Annotations:
D:2 1 runed translucent door, Crazy Yiuf


Message History

You shoot an arrow. The arrow closely misses the orc.
The iguana hisses angrily.
The orc hits you with a +0 mace.
You shoot an arrow. The arrow barely misses the orc.
The arrow hits the sleepcap.
The sleepcap is lightly damaged.
The orc hits you with a +0 mace.
You shoot an arrow.
The arrow hits the orc but does no damage.
The orc is severely wounded.
The orc misses you.
You shoot an arrow. The arrow hits the orc.
The orc is almost dead.
You block the orc's attack. The sleepcap barely misses you.
You shoot an arrow. The arrow hits the orc!
You kill the orc!
The sleepcap releases spores at you.
You are engulfed in a cloud of soporific spores!
You fall asleep.
The sleepcap releases spores at you!
You wake up.
You shoot an arrow.
The arrow hits the sleepcap but does no damage.
The sleepcap is lightly damaged.
The iguana barely misses you. The sleepcap closely misses you.
You shoot an arrow. The arrow hits the sleepcap.
The sleepcap is moderately damaged.
The sleepcap closely misses you. You block the iguana's attack.
You shoot an arrow. The arrow hits the sleepcap!
The sleepcap is severely damaged.
The iguana barely misses you. The sleepcap barely misses you.
You shoot an arrow.
The arrow hits the sleepcap but does no damage.
The sleepcap is severely damaged.
The sleepcap releases spores at you. The iguana bites you.
4228 ||| READING 2 scrolls of teleportation.
As you read the scroll of teleportation, it crumbles to dust.
You feel strangely unstable.
You hear the slow rusting of a very distant drain.
The sleepcap barely misses you. The iguana bites you!
You die...

.... .... .... .....
..... .......... ..)..
#####.......... ....%.
#.....##.#.....
......#
#.....##.......
...$..l####....#......
......f@............#
.....#..#+#.........##
..# #..# #........<.#
....# #.#...#.#.##
.....# #.....#####
..#...## ##..### .
##.. #..# ##. #..#
#..#


You could see a sleepcap and an iguana.

Vanquished Creatures
  Terence (D:2)
  A gnoll (D:1)
  5 adders
  3 worms (D:2)
  3 dart slugs
  4 orcs (D:4)
  7 bats
  5 endoplasms
  A giant cockroach (D:3)
  4 goblins
  6 hobgoblins
  7 jackals
  8 kobolds
  4 quokkas
  6 ball pythons
  5 frilled lizards
  6 rats
76 creatures vanquished.

Notes
Turn   | Place    | Note
-------+----------+-------------------------------------------
     0 | D:1      | qw the Deep Elf Hunter began the quest for the Orb.
     0 | D:1      | Reached XP level 1. HP: 12/12 MP: 3/3
     0 | D:1      | 0 ||| qw: Version: 0.3-a-9-g12657ce
     0 | D:1      | 0 ||| qw: Game counter: 4636
     0 | D:1      | 0 ||| qw: Always use a shield: true
     0 | D:1      | 0 ||| qw: God list: Okawaru
     0 | D:1      | 0 ||| qw: Allow faded altars: false
     0 | D:1      | 0 ||| qw: Do Orc after D:15 true
     0 | D:1      | 0 ||| qw: Do second Lair branch before Depths: true
     0 | D:1      | 0 ||| qw: Lair rune preference: random
     0 | D:1      | 0 ||| qw: Plans: Normal
     0 | D:1      | 0 ||| PLANNING D:1-11
   113 | D:1      | Reached XP level 2. HP: 16/16 MP: 4/4
   125 | D:1      | Reached skill level 6 in Ranged Weapons
   354 | D:1      | Reached XP level 3. HP: 20/20 MP: 5/5
   730 | D:1      | 730 ||| UPGRADING to +6 ring of strength.
   731 | D:1      | 731 ||| READING scroll labelled NOESHRUH FOIWK.
   732 | D:1      | 732 ||| DROPPING scroll of butterflies.
   751 | D:2      | Reached skill level 7 in Ranged Weapons
  1075 | D:2      | Reached XP level 4. HP: 25/25 MP: 6/6
  1159 | D:2      | Found a runed translucent door.
  1160 | D:2      | Noticed Crazy Yiuf
  1376 | D:2      | Found a shimmering altar of Xom.
  1531 | D:2      | 1531 ||| UPGRADING to +0 ring mail.
  1541 | D:2      | 1541 ||| DROPPING +0 leather armour.
  1542 | D:2      | 1542 ||| UPGRADING to ring of protection from cold.
  1543 | D:2      | 1543 ||| DROPPING ring of wizardry.
  1544 | D:2      | 1544 ||| READING 2 scrolls labelled BUOFYDD CUTZU.
  1677 | D:2      | 1677 ||| READING scroll labelled AFOQEUSCHOA.
  1678 | D:2      | 1678 ||| DRINKING 2 puce potions.
  1679 | D:2      | 1679 ||| DRINKING 2 sapphire potions.
  1680 | D:2      | 1680 ||| DRINKING potion of curing.
  1680 | D:2      | 1680 ||| (to cure confusion)
  1681 | D:2      | 1681 ||| DROPPING potion of ambrosia.
  1710 | D:2      | Noticed Terence
  1725 | D:2      | Killed Terence
  1726 | D:2      | Reached skill level 8 in Ranged Weapons
  3217 | D:2      | Found a faded altar of an unknown god.
  3477 | D:2      | 3477 ||| Stepping randomly (stuck).
  3543 | D:3      | Reached XP level 5. HP: 29/29 MP: 7/7
  4030 | D:3      | 4030 ||| UPGRADING to amulet of reflection.
  4155 | D:3      | 4155 ||| READING scroll labelled FISHAL TACSU.
  4156 | D:3      | 4156 ||| READING scroll labelled ULEASSADAI.
  4157 | D:3      | 4157 ||| READING scroll labelled BEXTAQ ZEHI.
  4158 | D:3      | 4158 ||| DRINKING 2 fuming green potions.
  4181 | D:4      | 4181 ||| PLANNING SEWER
  4227 | D:4      | HP: 7/29 [sleepcap (6)]
  4227 | D:4      | HP: 3/29 [iguana (4)]
  4228 | D:4      | 4228 ||| READING 2 scrolls of teleportation.
  4228 | D:4      | Mangled by an iguana

Levels and vault maps discovered:
D:1:      lemuel_arrival_behind_the_door_small, layout_basic
D:2:      minmay_skewed_foursquare, layout_loops_cross,
          shapermc_ecumenical_altar_petra, basic_altar, minmay_misc_feat_rugged,
          hangedman_glass_teeth, uniq_crazy_yiuf_cottage, uniq_terence
D:3:      layout_loops_ring, serial_rivers, chequers_serial_rivers_room_a,
          chequers_serial_rivers_small_a, chequers_serial_rivers_marsh,
          chequers_serial_rivers_micro_a, chequers_serial_rivers_small_b,
          chequers_serial_rivers_micro_a, kennysheep_generic_room_2
D:4:      layout_cave_pools, lemuel_blue_sif_altar,
          mainiacjoe_overflow_surrounded_room,
          mainiacjoe_overflow_cross_hatched, portal_sewer_entry_e,
          corexii_hall_statues_l, minmay_misc_feat_nine_boxes, st_stairs_5,
          minmay_bent

Skill      XL: |  1  2  3  4 |
---------------+-------------+-----
Ranged Weapons | 6 7 8 |  8.8
Fighting       | |  1.5
Dodging        | |  2.4
Stealth        | |  1.2

Action                     |  1- 3 |  4- 6 || total
---------------------------+-------+-------++-------
   Fire: Shortbow          |   100 |   162 ||   262
    Use: Scroll            |     1 |     6 ||     7
         Potion            |       |     4 ||     4
 Armour: Leather armour    |     9 |     5 ||    14
         Ring mail         |       |    13 ||    13
  Dodge: Dodged            |    19 |    37 ||    56
  Block: Other             |       |     4 ||     4

Table legend:
 A = Non-vault XP
 B = Vault XP
 C = Vault XP percentage of total XP
 D = Non-vault monster count
 E = Vault monster count
 F = Vault count percentage of total count
                 A         B        C        D         E       F
            +---------+---------+-------+---------+---------+-------
      Total |     180 |      70 |  28.0 |      69 |       7 |   9.2
            +---------+---------+-------+---------+---------+-------
        D:1 |      61 |       0 |   0.0 |      28 |       0 |   0.0
        D:2 |      77 |      57 |  42.5 |      20 |       6 |  23.1
        D:3 |      27 |      13 |  32.5 |      15 |       1 |   6.2
        D:4 |      15 |       0 |   0.0 |       6 |       0 |   0.0
            +---------+---------+-------+---------+---------+-------
